 Dungeon Crawl Stone Soup version 0.31-a0-265-gcf7e37af1d (webtiles) character file.

Game seed: 9005705323859336226

191 qw the Shooter (level 5, -6/32 HPs)
             Began as a Gargoyle Hexslinger on July 13, 2023.
             Mangled by a lemure (7 damage)
             ... led by Pikel
             ... on level 4 of the Dungeon.
             The game lasted 00:00:54 (1404 turns).

qw the Shooter (Gargoyle Hexslinger)                Turns: 1404, Time: 00:00:55

Health: -6/32      AC: 10    Str: 12    XL:     5   Next: 70%
Magic:  6/6        EV: 10    Int: 13    God:
Gold:   143        SH:  0    Dex: 14    Spells: 5/6 levels left

rFire   . . .        Y - +1 sling
rCold   . . .        (no shield)
rNeg    + . .        l - +0 ring mail
rPois   inf          (no helmet)
rElec   +            b - +0 cloak
rCorr   +            (no gloves)
SInv    .            (no boots)
Will    .....        (no amulet)
Stlth   +            k - ring of resist corrosion
HPRegen 0.25/turn    (no ring)
MPRegen 0.10/turn

%: no passive effects
@: no status effects
A: sickness immunity, AC +4, negative energy resistance 1, electricity
resistance, torment resistance 1, petrification resistance
a: no special abilities


You were on level 4 of the Dungeon.
You visited 1 branch of the dungeon, and saw 5 of its levels.

You collected 143 gold pieces.


Innate Abilities, Weirdness & Mutations

You are immune to sickness and miasma.
Your stone body is resilient. (AC +4)
You are immune to poison.
You resist negative energy. (rN+)
You are resistant to electric shocks. (rElec)
You are resistant to unholy torment.
You are immune to petrification.


   Skills:
 + Level 2.8 Fighting
 - Level 5.0 Ranged Weapons
 - Level 1.0 Armour
 - Level 1.5 Dodging
 - Level 1.0 Spellcasting
 - Level 2.6 Hexes


You had 5 spell levels left.
You knew the following spells:

 Your Spells              Type           Power      Damage    Failure   Level
a - Slow                  Hex            28%        N/A       22%         1

Your spell library contained the following spells:

 Spells                   Type           Power      Damage    Failure   Level
 Inner Flame              Hex/Fire       4%         N/A       73%         3
 Portal Projectile        Hex/Tloc       8%         N/A       73%         3
 Cause Fear               Hex            3%         N/A       91%         4

Inventory:

Hand Weapons
 Y - a +1 sling (weapon)
Armour
 b - a +0 cloak (worn)
 l - a +0 ring mail (worn)
Jewellery
 k - a ring of resist corrosion (left hand)
Scrolls
 d - a scroll of identify
Potions
 a - a potion of degeneration {unknown}
 c - a potion of mutation {unknown}
 f - a potion of resistance {unknown}
 i - a potion of heal wounds {unknown}
 n - a potion of ambrosia {unknown}

Dungeon Overview and Level Annotations

Branches:
Dungeon (5/15)
 Temple: D:4-7

Altars:
Gozag

Shops:
D:1 [

Annotations:
D:4 Pikel


Message History

You hear a shout!
You shoot a sling bullet.
The sling bullet hits Pikel but does no damage.
Pikel is lightly wounded.
A lemure comes into view.
You shoot a sling bullet. The lemure shouts!
The sling bullet hits Pikel but does no damage.
Pikel is lightly wounded.
Pikel hits you with a +0 whip of freezing.
Pikel freezes you.
You shoot a sling bullet. The sling bullet misses Pikel.
The sling bullet barely misses the lemure. x2
The lemure hits you but does no damage. Pikel hits you but does no damage.
The lemure hits you.
A hobgoblin comes into view.
The orc barely misses you.
You shoot a sling bullet. The sling bullet closely misses Pikel.
The hobgoblin shouts!
The sling bullet hits the lemure but does no damage.
Pikel closely misses you. The lemure hits you but does no damage.
The orc barely misses you. The lemure barely misses you.
The orc hits you from afar with a +0 trident.
You shoot a sling bullet. The sling bullet barely misses Pikel.
The sling bullet closely misses the lemure.
The sling bullet hits the lemure.
The lemure is moderately wounded.
Pikel hits you with a +0 whip of freezing!
Pikel freezes you. The lemure closely misses you.
A hobgoblin comes into view.
The orc hits you but does no damage. The orc closely misses you.
The lemure hits you.
You shoot a sling bullet.
The sling bullet hits Pikel but does no damage.
Pikel is lightly wounded.
Pikel hits you with a +0 whip of freezing!
Pikel freezes you. The orc closely misses you.
A goblin comes into view. It is wielding a +0 club.
The orc misses you. The lemure hits you!
You die...

#. ##.....##
#.####>......#
#............# .
###..........# #.
#.........## #..#
###.[..#...##
##...###.....######
......55.###.#
.....5K@.# ..#
.....oo##...##
....$?5 ..g..#
....... ####gg
!.^.... # .......
.)..... ......#


You could see Pikel, 4 lemures, 2 orcs, 2 hobgoblins and a goblin.

Vanquished Creatures
  A scorpion (D:5)
  An iguana (D:4)
  3 adders
  2 worms (D:2)
  3 dart slugs
  10 orcs
  7 ball pythons
  3 bats
  3 endoplasms
  2 giant cockroaches
  8 goblins
  4 hobgoblins
  5 kobolds
  2 quokkas
  3 frilled lizards
  3 rats
60 creatures vanquished.

Notes
Turn   | Place    | Note
-------+----------+-------------------------------------------
     0 | D:1      | qw the Gargoyle Hexslinger began the quest for the Orb.
     0 | D:1      | Reached XP level 1. HP: 12/12 MP: 2/2
     0 | D:1      | 0 ||| qw: Version: 0.3-a-52-g30416fa
     0 | D:1      | 0 ||| qw: Game counter: 7616
     0 | D:1      | 0 ||| qw: Melee chars always use a shield: true
     0 | D:1      | 0 ||| qw: God list: Okawaru
     0 | D:1      | 0 ||| qw: Allow faded altars: false
     0 | D:1      | 0 ||| qw: Do Orc after clearing Dungeon:15 true
     0 | D:1      | 0 ||| qw: Do second Lair branch before Depths: true
     0 | D:1      | 0 ||| qw: Lair rune preference: random
     0 | D:1      | 0 ||| qw: Goals: Normal
     0 | D:1      | 0 ||| PLANNING D:1-11
     2 | D:1      | Noticed a human
     4 | D:1      | Noticed a ghoul
     4 | D:1      | Noticed a demigod
     6 | D:1      | Noticed a vampire
     6 | D:1      | Noticed an elf
     8 | D:1      | Noticed a meteoran
     8 | D:1      | Noticed a spriggan
    10 | D:1      | Noticed a formicid
    10 | D:1      | Noticed an ogre
    12 | D:1      | Noticed a draconian
    15 | D:1      | Noticed an armataur
    15 | D:1      | Noticed an octopode
    17 | D:1      | Noticed a felid
    17 | D:1      | Noticed a tengu
    19 | D:1      | Noticed a gargoyle
    19 | D:1      | Noticed a demonspawn
    21 | D:1      | Noticed a vine stalker
    21 | D:1      | Noticed a merfolk
    23 | D:1      | Noticed a troll
    23 | D:1      | Noticed a minotaur
    25 | D:1      | Noticed a vampire
    27 | D:1      | Noticed a merfolk
    72 | D:1      | Found Ginis's Armour Emporium.
    77 | D:1      | Reached XP level 2. HP: 16/16 MP: 3/3
    92 | D:1      | 92 ||| SHOPLISTING +0 cloak (49 gold, have 19).
    92 | D:1      | 92 ||| SHOPLISTING +0 pair of gloves (49 gold, have 19).
    92 | D:1      | 92 ||| SHOPLISTING +0 ring mail (44 gold, have 19).
    92 | D:1      | 92 ||| SHOPLISTING +1 hat of intelligence (176 gold, have
                  | 19).
    92 | D:1      | 92 ||| SHOPLISTING +2 pair of boots "Ylowkucw" {rPois
                  | Regen+ Str+4} (375 gold, have 19).
   118 | D:1      | Reached skill level 3 in Ranged Weapons
   348 | D:1      | 348 ||| FLEEEEING.
   379 | D:1      | Reached XP level 3. HP: 21/21 MP: 4/4
   397 | D:1      | 397 ||| DROPPING -2 leather armour.
   398 | D:1      | 398 ||| UPGRADING to -1 ring mail.
   408 | D:1      | 408 ||| DROPPING +0 robe.
   409 | D:1      | 409 ||| DROPPING -3 helmet.
   410 | D:1      | 410 ||| DROPPING -1 ring mail.
   411 | D:1      | 411 ||| UPGRADING to +0 ring mail.
   421 | D:1      | 421 ||| DROPPING -1 ring mail.
   422 | D:1      | 422 ||| UPGRADING to ring of resist corrosion.
   423 | D:1      | 423 ||| READING scroll labelled YNIN GOBLA.
   424 | D:1      | 424 ||| READING scroll labelled SIOPTEMUZA.
   425 | D:1      | 425 ||| READING scroll labelled IRRUXKE TALAN.
   430 | D:1      | 430 ||| DROPPING scroll of poison.
   646 | D:2      | Reached XP level 4. HP: 24/26 MP: 5/5
   797 | D:2      | Reached skill level 4 in Ranged Weapons
   873 | D:2      | 873 ||| UPGRADING to +0 cloak.
   930 | D:3      | Found a faded altar of an unknown god.
   989 | D:3      | Reached skill level 1 in Armour
  1014 | D:3      | Found an opulent altar of Gozag.
  1074 | D:3      | You fall into a shaft and drop 2 floors!
  1074 | D:5      | Entered Level 5 of the Dungeon
  1200 | D:5      | Noticed a scorpion
  1215 | D:5      | Killed a scorpion
  1216 | D:5      | Reached skill level 5 in Ranged Weapons
  1216 | D:5      | Reached XP level 5. HP: 30/30 MP: 6/6
  1249 | D:5      | 1249 ||| READING scroll labelled DOOFRO SIOCVAR.
  1396 | D:4      | Noticed Pikel
  1396 | D:4      | Noticed a lemure
  1396 | D:4      | Noticed a lemure
  1397 | D:4      | Noticed a lemure
  1399 | D:4      | Noticed a lemure
  1404 | D:4      | HP: 3/32 [Pikel/+0 whip of freezing (7)]
  1404 | D:4      | HP: 1/32 [Pikel/+0 whip of freezing (2)]
  1404 | D:4      | Mangled by a lemure

Levels and vault maps discovered:
D:1:      kb_arrival_jail, layout_basic, serial_shops, nicolae_shop_scrapyard,
          chequers_serial_rivers_micro_b
D:2:      layout_rooms, chequers_serial_rivers_small_b, kennysheep_doodads
D:3:      layout_basic, nicolae_gozag_seed_capital,
          ebering_ecumenical_altar_mist
D:4:      layout_rooms, uniq_sigmund, uniq_robin, uniq_pikel
D:5:      layout_basic, nzn_wu_jian_council_hall, nicolae_letterblocks
          [nicolae_letter_subblock, nicolae_letter_subblock,
          nicolae_letter_subblock, nicolae_letter_subblock,
          nicolae_letter_subblock, nicolae_letter_subblock,
          nicolae_letter_subblock, nicolae_letter_subblock,
          nicolae_letter_subblock, nicolae_letter_subblock,
          nicolae_letter_subblock, nicolae_letter_subblock,
          nicolae_letter_subblock, nicolae_letter_subblock,
          nicolae_letter_subblock, nicolae_letter_subblock,
          nicolae_letter_subblock, nicolae_letter_subblock,
          nicolae_letter_subblock, nicolae_letter_subblock,
          nicolae_letter_subblock, nicolae_letter_subblock,
          nicolae_letter_subblock, nicolae_letter_subblock,
          nicolae_letter_subblock], uniq_menkaure

Skill      XL: |  1  2  3  4 |
---------------+-------------+-----
Ranged Weapons | 3 5 |  5.0
Fighting       | 2 |  2.8
Armour         | 1 |  1.0
Dodging        | |  1.5
Spellcasting   | |  1.0
Hexes          | |  2.6

Action                     |  1- 3 |  4- 6 || total
---------------------------+-------+-------++-------
   Fire: Sling             |    99 |   134 ||   233
    Use: Scroll            |     3 |     1 ||     4
 Armour: Robe              |     4 |       ||     4
         Ring mail         |    13 |    31 ||    44
  Dodge: Dodged            |    28 |    36 ||    64

Table legend:
 A = Non-vault XP
 B = Vault XP
 C = Vault XP percentage of total XP
 D = Non-vault monster count
 E = Vault monster count
 F = Vault count percentage of total count
                 A         B        C        D         E       F
            +---------+---------+-------+---------+---------+-------
      Total |     273 |       0 |   0.0 |      60 |       0 |   0.0
            +---------+---------+-------+---------+---------+-------
        D:1 |      35 |       0 |   0.0 |      18 |       0 |   0.0
        D:2 |      63 |       0 |   0.0 |      21 |       0 |   0.0
        D:3 |      17 |       0 |   0.0 |       8 |       0 |   0.0
        D:4 |      38 |       0 |   0.0 |       2 |       0 |   0.0
        D:5 |     120 |       0 |   0.0 |      11 |       0 |   0.0
            +---------+---------+-------+---------+---------+-------
